| TOP OF THE 1ST |
|
Stockton Mariners batting - Pitching for Reno Silver Sox : RHP Rodger Cole
|
|
Pitching: RHP Rodger Cole
|
|
|
Batting: LHB Harold Perkins
|
0-0: Fly out, F8 (Flyball, 8RD, EV 101.3 MPH)
|
|
Batting: LHB Ricky Nelson
|
0-0: Ball 1-0: Called Strike 1-1: Ball 2-1: SOLO HOME RUN (Line Drive, 89XD, EV 101.3 MPH), Distance : 406 ft
|
|
Batting: LHB Marvin Ward
|
0-0: Ball 1-0: Ground out 6-3 (Groundball, 4MS, EV 86.9 MPH)
|
|
Batting: LHB David Cawthon
|
0-0: Ground out 6-3 (Groundball, 6, EV 87.5 MPH)
|
| Top of the 1st over - 1 run, 1 hit, 0 errors, 0 left on base; Stockton 1 - Reno 0 |
| BOTTOM OF THE 1ST |
|
Reno Silver Sox batting - Pitching for Stockton Mariners : LHP Randy Ford
|
|
Pitching: LHP Randy Ford
|
|
|
Batting: RHB Lemmie Miller
|
0-0: Ball 1-0: Swinging Strike 1-1: Ball 2-1: Ball 3-1: Called Strike 3-2: Base on Balls
|
|
Batting: RHB Rod Hobbs
|
0-0: SINGLE (Groundball, 6D, EV 97.5 MPH) Lemmie Miller to second
|
|
Batting: LHB Victor Diaz
|
0-0: Ball 1-0: Called Strike 1-1: Swinging Strike 1-2: Ball 2-2: SINGLE (Groundball, 34D, EV 94.4 MPH) Lemmie Miller to third Rod Hobbs to second Runner from 3rd tries for Home, SAFE, throw by RF to home
|
|
Batting: LHB Mike Hocutt
|
0-0: Swinging Strike 0-1: Foul Ball, location: 2F 0-2: Strikes out swinging
|
|
Batting: RHB Luis Cabanas
|
0-0: Foul Ball, location: 2F 0-1: Ball 1-1: Hit by Pitch Rod Hobbs to third Victor Diaz to second
|
|
Batting: LHB Kevin Rigby
|
0-0: Ball 1-0: Foul Ball, location: 2F 1-1: Foul Ball, location: 2F 1-2: Foul Ball, location: 2F 1-2: Ball 2-2: Grounds into double play, 6-4-3 (Groundball, 6M, EV 82.5 MPH)
|
| Bottom of the 1st over - 1 run, 2 hits, 0 errors, 2 left on base; Stockton 1 - Reno 1 |
| TOP OF THE 2ND |
|
Stockton Mariners batting - Pitching for Reno Silver Sox : RHP Rodger Cole
|
|
Batting: LHB Joe Perna
|
0-0: Called Strike 0-1: Foul Ball, location: 2F 0-2: Strikes out swinging
|
|
Batting: SHB Eddie Tanner
|
0-0: Called Strike 0-1: Fly out, F8 (Flyball, 8RD, EV 99.4 MPH)
|
|
Batting: RHB Orlando Mercado
|
0-0: Ball 1-0: Called Strike 1-1: Ball 2-1: Foul Ball, location: 2F 2-2: Ground out 4-3 (Groundball, 4M, EV 98.1 MPH)
|
| Top of the 2nd over - 0 runs, 0 hits, 0 errors, 0 left on base; Stockton 1 - Reno 1 |
| BOTTOM OF THE 2ND |
|
Reno Silver Sox batting - Pitching for Stockton Mariners : LHP Randy Ford
|
|
Batting: RHB Emilio Perez
|
0-0: Ball 1-0: Fly out, F8 (Flyball, 8RD, EV 90.6 MPH)
|
|
Batting: LHB Andrew Timko
|
0-0: Swinging Strike 0-1: SINGLE (Line Drive, 34, EV 97.5 MPH)
|
|
Batting: RHB Jesus Tiamo
|
0-0: Ball 1-0: Fielders Choice at 2nd, 6-4 (Groundball, 6, EV 106.9 MPH)
|
|
Batting: RHB Lemmie Miller
|
0-0: Called Strike 0-1: Fly out, F8 (Flyball, 8RM, EV 93.1 MPH)
|
| Bottom of the 2nd over - 0 runs, 1 hit, 0 errors, 1 left on base; Stockton 1 - Reno 1 |
| TOP OF THE 3RD |
|
Stockton Mariners batting - Pitching for Reno Silver Sox : RHP Rodger Cole
|
|
Batting: LHB Victor Gavidia
|
0-0: Called Strike 0-1: Fly out, F5 (Line Drive, 5, EV 71.3 MPH)
|
|
Batting: RHB Brian Greer
|
0-0: Called Strike 0-1: Fly out, F8 (Line Drive, 8LD, EV 102.5 MPH)
|
|
Batting: LHB Harold Perkins
|
0-0: SINGLE (Line Drive, 56, EV 94.4 MPH)
|
|
Batting: LHB Ricky Nelson
|
0-0: Swinging Strike 0-1: Ball Harold Perkins steals 2nd base 1-1: Ball 2-1: Foul Ball, location: 2F 2-2: Foul Ball, location: 2F 2-2: Fly out, F7 (Line Drive, 7, EV 96.3 MPH)
|
| Top of the 3rd over - 0 runs, 1 hit, 0 errors, 1 left on base; Stockton 1 - Reno 1 |
| BOTTOM OF THE 3RD |
|
Reno Silver Sox batting - Pitching for Stockton Mariners : LHP Randy Ford
|
|
Batting: RHB Rod Hobbs
|
0-0: Called Strike 0-1: Ball 1-1: Ball 2-1: Called Strike 2-2: Fly out, F7 (Flyball, 7, EV 90.6 MPH)
|
|
Batting: LHB Victor Diaz
|
0-0: Called Strike 0-1: Ball 1-1: Ball 2-1: Ball 3-1: Foul Ball, location: 2F 3-2: SINGLE (Line Drive, 8LS, EV 105.6 MPH)
|
|
Batting: LHB Mike Hocutt
|
0-0: Ball 1-0: Called Strike 1-1: Foul Ball, location: 2F 1-2: DOUBLE (Line Drive, 78D, EV 112.5 MPH) Victor Diaz to third
|
|
Batting: RHB Luis Cabanas
|
0-0: Ball 1-0: Called Strike 1-1: Foul Ball, location: 2F 1-2: Ground out 6-3 (Groundball, 6MS, EV 68.8 MPH) Victor Diaz scores Mike Hocutt to third
|
|
Batting: LHB Kevin Rigby
|
0-0: Fly out, F8 (Flyball, 8RM, EV 91.9 MPH)
|
| Bottom of the 3rd over - 1 run, 2 hits, 0 errors, 1 left on base; Stockton 1 - Reno 2 |
| TOP OF THE 4TH |
|
Stockton Mariners batting - Pitching for Reno Silver Sox : RHP Rodger Cole
|
|
Batting: LHB Marvin Ward
|
0-0: Ball 1-0: Foul Ball, location: 2F 1-1: Ball 2-1: Ball 3-1: Base on Balls
|
|
Batting: LHB David Cawthon
|
0-0: Ball Wild Pitch! Marvin Ward to second 1-0: Ball 2-0: Ball 3-0: Base on Balls
|
|
Batting: LHB Joe Perna
|
0-0: Called Strike 0-1: Fly out, F5 (Popup, 56, EV 78.8 MPH)
|
|
Batting: SHB Eddie Tanner
|
0-0: Ball 1-0: Foul Ball, location: 2F 1-1: Foul Ball, location: 2F 1-2: Foul Ball, location: 2F 1-2: Foul Ball, location: 2F 1-2: Ball 2-2: Ball 3-2: Grounds into double play, 6-4-3 (Groundball, 6, EV 100.0 MPH)
|
| Top of the 4th over - 0 runs, 0 hits, 0 errors, 1 left on base; Stockton 1 - Reno 2 |
| BOTTOM OF THE 4TH |
|
Reno Silver Sox batting - Pitching for Stockton Mariners : LHP Randy Ford
|
|
Batting: RHB Emilio Perez
|
0-0: Called Strike 0-1: Ball 1-1: Foul Ball, location: 2F 1-2: Foul Ball, location: 2F 1-2: Fly out, F9 (Flyball, 9D, EV 96.3 MPH)
|
|
Batting: LHB Andrew Timko
|
0-0: Ball 1-0: Ball 2-0: Called Strike 2-1: SINGLE (Line Drive, 6M, EV 96.3 MPH)
|
|
Batting: RHB Jesus Tiamo
|
0-0: Ball 1-0: Ball 2-0: Called Strike 2-1: Foul Ball, location: 2F 2-2: Fly out, F9 (Flyball, 9D, EV 95.0 MPH)
|
|
Batting: RHB Lemmie Miller
|
0-0: Fly out, F9 (Flyball, 9LS, EV 86.3 MPH)
|
| Bottom of the 4th over - 0 runs, 1 hit, 0 errors, 1 left on base; Stockton 1 - Reno 2 |
| TOP OF THE 5TH |
|
Stockton Mariners batting - Pitching for Reno Silver Sox : RHP Rodger Cole
|
|
Batting: RHB Orlando Mercado
|
0-0: Called Strike 0-1: Ball 1-1: Ground out 4-3 (Groundball, 4, EV 86.9 MPH)
|
|
Batting: LHB Victor Gavidia
|
0-0: Ball 1-0: Foul Ball, location: 2F 1-1: Ball 2-1: Ball 3-1: Fly out, F9 (Line Drive, 9, EV 93.1 MPH)
|
|
Batting: RHB Brian Greer
|
0-0: Called Strike 0-1: Foul Ball, location: 2F 0-2: Foul Ball, location: 2F 0-2: Ground out U3 (Groundball, 34S, EV 87.5 MPH)
|
| Top of the 5th over - 0 runs, 0 hits, 0 errors, 0 left on base; Stockton 1 - Reno 2 |
| BOTTOM OF THE 5TH |
|
Reno Silver Sox batting - Pitching for Stockton Mariners : LHP Randy Ford
|
|
Batting: RHB Rod Hobbs
|
0-0: Ball 1-0: DOUBLE (Line Drive, 9LD, EV 103.8 MPH)
|
|
Batting: LHB Victor Diaz
|
0-0: Ball 1-0: Called Strike 1-1: Ball 2-1: Ground out U3 (Groundball, 3S, EV 78.1 MPH) Rod Hobbs to third
|
|
Batting: LHB Mike Hocutt
|
0-0: Called Strike 0-1: Called Strike 0-2: Strikes out swinging
|
|
Batting: RHB Luis Cabanas
|
0-0: Ball 1-0: Ball 2-0: Ground out 6-3 (Groundball, 6, EV 105.0 MPH)
|
| Bottom of the 5th over - 0 runs, 1 hit, 0 errors, 1 left on base; Stockton 1 - Reno 2 |
| TOP OF THE 6TH |
|
Stockton Mariners batting - Pitching for Reno Silver Sox : RHP Rodger Cole
|
|
Batting: LHB Harold Perkins
|
0-0: Ball 1-0: Ball 2-0: Foul Ball, location: 2F 2-1: Ball 3-1: Foul Ball, location: 2F 3-2: Foul Ball, location: 2F 3-2: Fly out, F9 (Flyball, 89M, EV 84.4 MPH)
|
|
Batting: LHB Ricky Nelson
|
0-0: Foul Ball, location: 2F 0-1: Fly out, F8 (Flyball, 8LD, EV 88.1 MPH)
|
|
Batting: LHB Marvin Ward
|
0-0: Called Strike 0-1: Ball 1-1: Called Strike 1-2: Foul Ball, location: 2F 1-2: Ground out 4-3 (Groundball, 4S, EV 76.9 MPH)
|
| Top of the 6th over - 0 runs, 0 hits, 0 errors, 0 left on base; Stockton 1 - Reno 2 |
| BOTTOM OF THE 6TH |
|
Reno Silver Sox batting - Pitching for Stockton Mariners : LHP Randy Ford
|
|
Batting: LHB Kevin Rigby
|
0-0: Ball 1-0: Fly out, F7 (Flyball, 7, EV 85.0 MPH)
|
|
Batting: RHB Emilio Perez
|
0-0: Called Strike 0-1: Ball 1-1: Called Strike 1-2: Ball 2-2: Ball 3-2: Strikes out looking
|
|
Batting: LHB Andrew Timko
|
0-0: Called Strike 0-1: Ball 1-1: Ball 2-1: Ball 3-1: Base on Balls
|
|
Batting: RHB Jesus Tiamo
|
0-0: Ball 1-0: Called Strike 1-1: Fly out, F6 (Flyball, 56D, EV 86.9 MPH)
|
| Bottom of the 6th over - 0 runs, 0 hits, 0 errors, 1 left on base; Stockton 1 - Reno 2 |
| TOP OF THE 7TH |
|
Stockton Mariners batting - Pitching for Reno Silver Sox : RHP Rodger Cole
|
|
Batting: LHB David Cawthon
|
0-0: SINGLE (Line Drive, 89S, EV 113.8 MPH)
|
|
Batting: LHB Joe Perna
|
0-0: Swinging Strike 0-1: Ball 1-1: Foul Ball, location: 2F 1-2: Grounds into double play, 3-6-3 (Groundball, 34, EV 101.9 MPH)
|
|
Batting: SHB Eddie Tanner
|
0-0: Ball 1-0: Called Strike 1-1: Foul Ball, location: 2F 1-2: Ball 2-2: Fly out, F5 (Flyball, 5D, EV 75.0 MPH)
|
| Top of the 7th over - 0 runs, 1 hit, 0 errors, 0 left on base; Stockton 1 - Reno 2 |
| BOTTOM OF THE 7TH |
|
Reno Silver Sox batting - Pitching for Stockton Mariners : LHP Randy Ford
|
|
Batting: RHB Lemmie Miller
|
0-0: Ball 1-0: Ball 2-0: Fly out, F8 (Flyball, 89M, EV 91.3 MPH)
|
|
Batting: RHB Rod Hobbs
|
0-0: Ball 1-0: Ball 2-0: Foul Ball, location: 2F 2-1: DOUBLE (Line Drive, 9LS, EV 94.4 MPH)
|
|
Batting: LHB Victor Diaz
|
0-0: Ground out 4-3 (Groundball, 4, EV 106.9 MPH) Rod Hobbs to third
|
|
Batting: LHB Mike Hocutt
|
0-0: Ball 1-0: Ball 2-0: Called Strike 2-1: Ball 3-1: Called Strike 3-2: Foul Ball, location: 2F 3-2: Fly out, F7 (Flyball, 7LD, EV 108.1 MPH)
|
| Bottom of the 7th over - 0 runs, 1 hit, 0 errors, 1 left on base; Stockton 1 - Reno 2 |
| TOP OF THE 8TH |
|
Stockton Mariners batting - Pitching for Reno Silver Sox : RHP Rodger Cole
|
|
Batting: RHB Orlando Mercado
|
0-0: Ground out 2-3 (Groundball, 2L, EV 67.5 MPH)
|
|
Batting: LHB Victor Gavidia
|
0-0: Ball 1-0: Ball 2-0: Called Strike 2-1: Ground out 4-3 (Groundball, 34D, EV 78.1 MPH)
|
|
Batting: RHB Brian Greer
|
0-0: Called Strike 0-1: Foul Ball, location: 2F 0-2: Foul Ball, location: 2F 0-2: Foul Ball, location: 2F 0-2: Ball 1-2: Foul Ball, location: 2F 1-2: Foul Ball, location: 2F 1-2: SINGLE (Flyball, 6D, EV 91.3 MPH)
|
|
Batting: LHB Harold Perkins
|
0-0: Ball 1-0: Ball 2-0: Called Strike 2-1: Ball 3-1: Foul Ball, location: 2F 3-2: Ground out 6-3 (Groundball, 6M, EV 90.6 MPH)
|
| Top of the 8th over - 0 runs, 1 hit, 0 errors, 1 left on base; Stockton 1 - Reno 2 |
| BOTTOM OF THE 8TH |
|
Reno Silver Sox batting - Pitching for Stockton Mariners : LHP Randy Ford
|
|
Batting: RHB Luis Cabanas
|
0-0: Ball 1-0: Fly out, F8 (Line Drive, 8LD, EV 107.5 MPH)
|
|
Batting: LHB Kevin Rigby
|
0-0: Ball 1-0: SINGLE (Groundball, 56D, EV 104.4 MPH)
|
|
Batting: RHB Emilio Perez
|
0-0: Ball 1-0: Ball 2-0: Ball 3-0: Grounds into double play, 6-4-3 (Groundball, 6, EV 84.4 MPH)
|
| Bottom of the 8th over - 0 runs, 1 hit, 0 errors, 0 left on base; Stockton 1 - Reno 2 |
| TOP OF THE 9TH |
|
Stockton Mariners batting - Pitching for Reno Silver Sox : RHP Rodger Cole
|
|
Pitching: RHP Juan Arias
|
|
|
Batting: LHB Ricky Nelson
|
0-0: SINGLE (Line Drive, 7S, EV 100.6 MPH)
|
|
Batting: LHB Marvin Ward
|
0-0: Called Strike 0-1: Foul Ball, location: 2F 0-2: Ball 1-2: Hit by Pitch Ricky Nelson to second
|
|
Batting: LHB David Cawthon
|
0-0: Ball 1-0: Ball 2-0: Ball 3-0: Foul Ball, location: 2F 3-1: Swinging Strike 3-2: Strikes out looking
|
|
Batting: LHB Joe Perna
|
0-0: Ball 1-0: Ball 2-0: Ball 3-0: Called Strike 3-1: Called Strike 3-2: Fly out, F8 (Line Drive, 8RD, EV 89.4 MPH)
|
|
Batting: SHB Eddie Tanner
|
0-0: Swinging Strike 0-1: Foul Ball, location: 2F 0-2: Ball 1-2: Ball Wild Pitch! Ricky Nelson to third Marvin Ward to second 2-2: Ball 3-2: Intentional Walk
|
|
Batting: RHB Orlando Mercado
|
0-0: Called Strike 0-1: SINGLE (Groundball, 6MD, EV 97.5 MPH) Ricky Nelson scores Marvin Ward to third Eddie Tanner to second Runner from 3rd tries for Home, SAFE, throw by CF to home
|
|
Pinch Runner at 2nd Paul Plinski:
|
|
|
Batting: LHB Victor Gavidia
|
0-0: Ball 1-0: Ball 2-0: Ball 3-0: Base on Balls Paul Plinski to third Orlando Mercado to second
|
|
Batting: RHB Brian Greer
|
0-0: Fly out, F5 (Popup, 56S, EV 69.4 MPH)
|
| Top of the 9th over - 2 runs, 2 hits, 0 errors, 3 left on base; Stockton 3 - Reno 2 |
| BOTTOM OF THE 9TH |
|
Reno Silver Sox batting - Pitching for Stockton Mariners : LHP Randy Ford
|
|
Pitching: LHP Robert Alsup
|
|
|
Now at 1B: Duane Evans
|
|
|
Now at 2B: Paul Plinski
|
|
|
Now at 3B: David Lanning
|
|
|
Pinch Hitting: RHB Eddie Brunson
|
0-0: Ball 1-0: Ground out 5-3 (Groundball, 5, EV 86.3 MPH)
|
|
Batting: RHB Jesus Tiamo
|
0-0: Called Strike 0-1: Ball 1-1: Ball 2-1: SINGLE (Groundball, 6S, EV 61.3 MPH) (infield hit)
|
|
Batting: RHB Lemmie Miller
|
0-0: Foul Ball, location: 2F 0-1: Ball 1-1: SINGLE (Groundball, 56, EV 109.4 MPH) (infield hit) Jesus Tiamo to second
|
|
Pinch Runner at 1st Bill Crone:
|
|
|
Batting: RHB Rod Hobbs
|
0-0: Ball 1-0: Ball 2-0: Foul Ball, location: 2F 2-1: Fly out, F2 (Popup, 2RF, EV 88.1 MPH)
|
|
Batting: LHB Victor Diaz
|
0-0: Ball 1-0: Foul Ball, location: 2F 1-1: Called Strike 1-2: Strikes out swinging
|
| Bottom of the 9th over - 0 runs, 2 hits, 0 errors, 2 left on base; Stockton 3 - Reno 2 |
|